3R
CANONNIERS DE QUEBEC @ GREENPORT HARBOR WHALES
05/13/2034
 
TOP OF THE 1ST
Canonniers de Quebec batting - Pitching for Greenport Harbor Whales : RHP Guillermo Pérez
Pitching: RHP Guillermo Pérez
Batting: RHB Rich Lucas 0-0: Called Strike
0-1: Fly out, F4 (Line Drive, 4M)
Batting: RHB Sean Urien 0-0: Ground out 5-3 (Groundball, 56)
Batting: RHB Sallvador Rebola 0-0: Ball
1-0: Called Strike
1-1: Ball
2-1: Foul Ball, location: 2F
2-2: Ground out 1-3 (Groundball, 13S)
Top of the 1st over - 0 runs, 0 hits, 0 errors, 0 left on base; Canonniers de Quebec 0 - Greenport 0
BOTTOM OF THE 1ST
Greenport Harbor Whales batting - Pitching for Canonniers de Quebec : RHP Matthew Hunter
Pitching: RHP Matthew Hunter
Batting: SHB Ricardo Ríos 0-0: Hit by Pitch
Batting: RHB Jung-keun Kim 0-0: Called Strike
0-1: SINGLE (Groundball, 4MD)
Ricardo Ríos to second
Batting: RHB Jon Walker 0-0: Called Strike
0-1: Called Strike
0-2: Strikes out swinging
Batting: RHB Ian Sankey 0-0: Called Strike
Ricardo Ríos steals 3rd base
0-1: Called Strike
0-2: Grounds into double play, 1-6-3 (Groundball, 13S)
Bottom of the 1st over - 0 runs, 1 hit, 0 errors, 1 left on base; Canonniers de Quebec 0 - Greenport 0
TOP OF THE 2ND
Canonniers de Quebec batting - Pitching for Greenport Harbor Whales : RHP Guillermo Pérez
Batting: RHB Mei-shio Lan 0-0: Ground out U3 (Groundball, 34S)
Batting: RHB Josh Iriarte 0-0: Ball
1-0: Called Strike
1-1: Ball
2-1: Ball
3-1: Ground out 6-3 (Groundball, 6)
Batting: RHB Spencer Wiggins 0-0: Ball
1-0: Ground out 4-3 (Groundball, 4MD)
Top of the 2nd over - 0 runs, 0 hits, 0 errors, 0 left on base; Canonniers de Quebec 0 - Greenport 0
BOTTOM OF THE 2ND
Greenport Harbor Whales batting - Pitching for Canonniers de Quebec : RHP Matthew Hunter
Batting: RHB Pung-cho Chang 0-0: Ball
1-0: Fly out, F7 (Flyball, 7)
Batting: RHB Alexis Hines 0-0: Ground out 4-3 (Groundball, 4)
Batting: SHB Cal Ellis 0-0: Swinging Strike
0-1: Ground out 6-3 (Groundball, 6)
Bottom of the 2nd over - 0 runs, 0 hits, 0 errors, 0 left on base; Canonniers de Quebec 0 - Greenport 0
TOP OF THE 3RD
Canonniers de Quebec batting - Pitching for Greenport Harbor Whales : RHP Guillermo Pérez
Batting: RHB Onel Mendi 0-0: Foul Ball, location: 2F
0-1: Swinging Strike
0-2: Ground out 6-3 (Groundball, 6)
Batting: RHB Juan Ramírez 0-0: Swinging Strike
0-1: Called Strike
0-2: Ball
1-2: Strikes out swinging
Batting: RHB Erick Indiano 0-0: Called Strike
0-1: Ground out 1-3 (Groundball, P)
Top of the 3rd over - 0 runs, 0 hits, 0 errors, 0 left on base; Canonniers de Quebec 0 - Greenport 0
BOTTOM OF THE 3RD
Greenport Harbor Whales batting - Pitching for Canonniers de Quebec : RHP Matthew Hunter
Batting: RHB Javier Botín 0-0: Called Strike
0-1: Swinging Strike
0-2: Strikes out looking
Batting: RHB Hae-young Kwak 0-0: Called Strike
0-1: Fly out, F9 (Flyball, 89S)
Batting: SHB Ricardo Ríos 0-0: Ball
1-0: Foul Ball, location: 2F
1-1: Fly out, F7 (Flyball, 78S)
Bottom of the 3rd over - 0 runs, 0 hits, 0 errors, 0 left on base; Canonniers de Quebec 0 - Greenport 0
TOP OF THE 4TH
Canonniers de Quebec batting - Pitching for Greenport Harbor Whales : RHP Guillermo Pérez
Batting: RHB Rich Lucas 0-0: Ball
1-0: Called Strike
1-1: Ball
2-1: Fly out, F7 (Flyball, 7LS)
Batting: RHB Sean Urien 0-0: Ball
1-0: Ball
2-0: Foul Ball, location: 2F
2-1: SINGLE (Groundball, 25) (infield hit)
Batting: RHB Sallvador Rebola 0-0: Swinging Strike
0-1: Ball
1-1: Ball
Wild Pitch!
Sean Urien to second
2-1: Ball
3-1: Fly out, F9 (Flyball, 9LSF)
Batting: RHB Mei-shio Lan 0-0: Called Strike
0-1: Fly out, F9 (Flyball, 9LS)
Top of the 4th over - 0 runs, 1 hit, 0 errors, 1 left on base; Canonniers de Quebec 0 - Greenport 0
BOTTOM OF THE 4TH
Greenport Harbor Whales batting - Pitching for Canonniers de Quebec : RHP Matthew Hunter
Batting: RHB Jung-keun Kim 0-0: Ball
1-0: Ground out 4-3 (Groundball, 4)
Batting: RHB Jon Walker 0-0: Swinging Strike
0-1: Ball
1-1: Ball
2-1: Foul Ball, location: 2F
2-2: Strikes out swinging
Batting: RHB Ian Sankey 0-0: SINGLE (Flyball, 89S)
Batting: RHB Pung-cho Chang 0-0: Ground out 5-3 (Groundball, 56S)
Bottom of the 4th over - 0 runs, 1 hit, 0 errors, 1 left on base; Canonniers de Quebec 0 - Greenport 0
TOP OF THE 5TH
Canonniers de Quebec batting - Pitching for Greenport Harbor Whales : RHP Guillermo Pérez
Batting: RHB Josh Iriarte 0-0: Ball
1-0: Ground out 6-3 (Groundball, 6)
Batting: RHB Spencer Wiggins 0-0: Ball
1-0: Swinging Strike
1-1: Fly out, F8 (Flyball, 8RS)
Batting: RHB Onel Mendi 0-0: Ball
1-0: Foul Ball, location: 2F
1-1: Ball
2-1: Ground out 6-3 (Groundball, 6)
Top of the 5th over - 0 runs, 0 hits, 0 errors, 0 left on base; Canonniers de Quebec 0 - Greenport 0
BOTTOM OF THE 5TH
Greenport Harbor Whales batting - Pitching for Canonniers de Quebec : RHP Matthew Hunter
Batting: RHB Alexis Hines 0-0: Ball
1-0: Swinging Strike
1-1: Ball
2-1: Ball
3-1: Fly out, F8 (Flyball, 8LS)
Batting: SHB Cal Ellis 0-0: SINGLE (Groundball, 34) (infield hit)
Batting: RHB Javier Botín 0-0: Ball
1-0: Called Strike
1-1: Ball
2-1: Foul Ball, location: 2F
2-2: Grounds into double play, 6-4-3 (Groundball, 6)
Bottom of the 5th over - 0 runs, 1 hit, 0 errors, 0 left on base; Canonniers de Quebec 0 - Greenport 0
TOP OF THE 6TH
Canonniers de Quebec batting - Pitching for Greenport Harbor Whales : RHP Guillermo Pérez
Batting: RHB Juan Ramírez 0-0: Called Strike
0-1: Ball
1-1: Ground out 4-3 (Groundball, 4)
Pitching: RHP Sylvain Millot
Batting: RHB Erick Indiano 0-0: Foul Ball, location: 2F
0-1: Ground out 6-3 (Groundball, 56)
Batting: RHB Rich Lucas 0-0: Called Strike
0-1: Ball
1-1: Foul Ball, location: 2F
1-2: Foul Ball, location: 2F
1-2: Strikes out swinging
Top of the 6th over - 0 runs, 0 hits, 0 errors, 0 left on base; Canonniers de Quebec 0 - Greenport 0
BOTTOM OF THE 6TH
Greenport Harbor Whales batting - Pitching for Canonniers de Quebec : RHP Matthew Hunter
Batting: RHB Hae-young Kwak 0-0: SOLO HOME RUN (Flyball, 7LD), Distance : 336 ft
Batting: SHB Ricardo Ríos 0-0: Called Strike
0-1: Ground out 3-1 (Groundball, 34)
Batting: RHB Jung-keun Kim 0-0: Called Strike
0-1: Swinging Strike
0-2: SINGLE (Groundball, 4MD)
Batting: RHB Jon Walker 0-0: Called Strike
0-1: Ball
1-1: Called Strike
1-2: Ball
2-2: Ball
3-2: Base on Balls
Jung-keun Kim to second
Pitching: RHP Guy Walters
Batting: RHB Ian Sankey 0-0: SINGLE (Groundball, 34D)
Jung-keun Kim to third
Jon Walker to second
Runner from 3rd tries for Home, SAFE, no throw
Batting: RHB Pung-cho Chang 0-0: Called Strike
0-1: Ball
1-1: Called Strike
1-2: Ball
2-2: Grounds into double play, 1-6-3 (Groundball, P)
Bottom of the 6th over - 2 runs, 3 hits, 0 errors, 1 left on base; Canonniers de Quebec 0 - Greenport 2
TOP OF THE 7TH
Canonniers de Quebec batting - Pitching for Greenport Harbor Whales : RHP Sylvain Millot
Batting: RHB Sean Urien 0-0: Foul Ball, location: 2F
0-1: Ball
1-1: Foul Ball, location: 2F
1-2: Strikes out swinging
Batting: RHB Sallvador Rebola 0-0: Called Strike
0-1: Foul Ball, location: 2F
0-2: Foul Ball, location: 2F
0-2: Strikes out swinging
Batting: RHB Mei-shio Lan 0-0: Called Strike
0-1: Ball
1-1: Ball
2-1: SINGLE (Line Drive, 6M)
Batting: RHB Josh Iriarte 0-0: Called Strike
0-1: Ball
1-1: Called Strike
1-2: Ball
2-2: Ball
3-2: Strikes out swinging
Top of the 7th over - 0 runs, 1 hit, 0 errors, 1 left on base; Canonniers de Quebec 0 - Greenport 2
BOTTOM OF THE 7TH
Greenport Harbor Whales batting - Pitching for Canonniers de Quebec : RHP Guy Walters
Batting: RHB Alexis Hines 0-0: Called Strike
0-1: Ball
1-1: Ball
2-1: Foul Ball, location: 2F
2-2: Ball
3-2: Foul Ball, location: 2F
3-2: Base on Balls
Batting: SHB Cal Ellis 0-0: Bunted foul
0-1: Sac Bunt - play at first, batter OUT! 2-4
Alexis Hines to second
Batting: RHB Javier Botín 0-0: Intentional Walk
Batting: RHB Hae-young Kwak 0-0: Ball
1-0: Foul Ball, location: 2F
1-1: Foul Ball, location: 2F
1-2: DOUBLE (Line Drive, 7D)
Alexis Hines scores
Javier Botín to third
Batting: SHB Ricardo Ríos 0-0: Intentional Walk
Batting: RHB Jung-keun Kim 0-0: Foul Ball, location: 2F
0-1: SINGLE (Groundball, 4MD)
Javier Botín scores
Hae-young Kwak to third
Ricardo Ríos to second
Pitching: RHP Isaias Leurink
Batting: RHB Jon Walker 0-0: Ball
1-0: Called Strike
1-1: Ball
2-1: Ball
3-1: Base on Balls
Hae-young Kwak scores
Ricardo Ríos to third
Jung-keun Kim to second
Batting: RHB Ian Sankey 0-0: Foul Ball, location: 2F
0-1: Called Strike
0-2: Strikes out swinging
Batting: RHB Pung-cho Chang 0-0: Called Strike
0-1: Swinging Strike
0-2: Strikes out looking
Bottom of the 7th over - 3 runs, 2 hits, 0 errors, 3 left on base; Canonniers de Quebec 0 - Greenport 5
TOP OF THE 8TH
Canonniers de Quebec batting - Pitching for Greenport Harbor Whales : RHP Sylvain Millot
Batting: RHB Spencer Wiggins 0-0: Ball
1-0: Fly out, F7 (Flyball, 78M)
Batting: RHB Onel Mendi 0-0: Fly out, F7 (Flyball, 78M)
Batting: RHB Juan Ramírez 0-0: Foul Ball, location: 2F
0-1: Foul Ball, location: 2F
0-2: Strikes out swinging
Top of the 8th over - 0 runs, 0 hits, 0 errors, 0 left on base; Canonniers de Quebec 0 - Greenport 5
BOTTOM OF THE 8TH
Greenport Harbor Whales batting - Pitching for Canonniers de Quebec : RHP Isaias Leurink
Batting: RHB Alexis Hines 0-0: Ball
1-0: Fly out, F9 (Flyball, 9S)
Batting: SHB Cal Ellis 0-0: Called Strike
0-1: Ball
1-1: Ball
2-1: Called Strike
2-2: Ball
3-2: SINGLE (Line Drive, 78M)
Batting: RHB Javier Botín 0-0: Ball
Cal Ellis steals 2nd base
1-0: Reached on error, E5 (Groundball, 56)
Cal Ellis to third
Batting: RHB Hae-young Kwak 0-0: Ball
1-0: Foul Ball, location: 2F
1-1: Ball
2-1: SINGLE (Groundball, 6MD)
Cal Ellis scores
Javier Botín to second
Runner from 2nd tries for 3rd, SAFE, no throw
Pitching: RHP Bobby Martin
Batting: SHB Ricardo Ríos 0-0: Ball
1-0: Foul Ball, location: 2F
1-1: Fly out, F9 (Flyball, 9D)
Runner from 3rd tags up, SCORES, throw made
Batting: RHB Jung-keun Kim 0-0: SINGLE (Groundball, 6D)
Hae-young Kwak to second
Batting: RHB Jon Walker 0-0: Swinging Strike
0-1: Ball
1-1: Fly out, F8 (Flyball, 8LD)
Bottom of the 8th over - 2 runs, 3 hits, 1 error, 2 left on base; Canonniers de Quebec 0 - Greenport 7
TOP OF THE 9TH
Canonniers de Quebec batting - Pitching for Greenport Harbor Whales : RHP Sylvain Millot
Now at C: Jesús Marguel
Batting: RHB Erick Indiano 0-0: Called Strike
0-1: Ground out 4-3 (Groundball, 34)
Batting: RHB Rich Lucas 0-0: Ball
1-0: Ball
2-0: Called Strike
2-1: Foul Ball, location: 2F
2-2: Strikes out swinging
Batting: RHB Sean Urien 0-0: Ball
1-0: Ball
2-0: Called Strike
2-1: Ground out 6-3 (Groundball, 6)
Top of the 9th over - 0 runs, 0 hits, 0 errors, 0 left on base; Canonniers de Quebec 0 - Greenport 7
Friday, March 29th, 2019 - OOTP Baseball 18.8 Build 76